 Dungeon Crawl Stone Soup version 0.28.0-53-g5a82cb258f (webtiles) character file.

Game seed: 14293569092069871155

9 Zeld the Chiller (level 2, 0/13 HPs)
             Began as a Vine Stalker Ice Elementalist on June 12, 2022.
             Slain by an adder (1 damage)
             ... on level 2 of the Dungeon.
             The game lasted 00:00:42 (801 turns).

Zeld the Chiller (Vine Stalker Ice Elementalist)     Turns: 801, Time: 00:00:44

Health: 0/13       AC:  2    Str: 10    XL:     2   Next: 12%
Magic:  0/6        EV: 12    Int: 15    God:
Gold:   9          SH:  0    Dex: 14    Spells: 5/6 levels left

rFire   . . .      SeeInvis .   (no weapon)
rCold   . . .      Faith    .   (no shield)
rNeg    . . .      Spirit   +   a - +0 robe
rPois   .          Reflect  .   (no helmet)
rElec   .          Harm     .   (no cloak)
rCorr   .          Rampage  .   (no gloves)
Will    .....                   (no boots)
Stlth   ++........              (no amulet)
HPRegen 0.04/turn               (no ring)
MPRegen 0.10/turn               (no ring)

@: no status effects
A: fangs 2, magic shield, antimagic bite, no potion heal 2
a: no special abilities


You were on level 2 of the Dungeon.
You visited 1 branch of the dungeon, and saw 2 of its levels.

You collected 9 gold pieces.

Inventory:

Armour
 a - a +0 robe (worn)
Scrolls
 b - a scroll of silence {unknown}
Potions
 c - a potion of berserk rage {unknown}
 d - a potion of flight {unknown}


   Skills:
 - Level 1.5 Dodging
 + Level 2.6 Stealth
 * Level 2.5 Spellcasting
 * Level 4.1 Ice Magic


You had 5 spell levels left.
You knew the following spells:

 Your Spells              Type           Power      Damage    Failure   Level
a - Freeze                Ice            56%        1d7       3%          1

Your spell library contained the following spells:

 Spells                   Type           Power      Damage    Failure   Level
 Frozen Ramparts          Ice            28%        1d4       12%         3
 Ozocubu's Armour         Ice            14%        N/A       12%         3
 Hailstorm                Conj/Ice       8%         3d4       65%         4


Dungeon Overview and Level Annotations

Branches:
Dungeon (2/15)

Altars:


Innate Abilities, Weirdness & Mutations

You have extremely sharp teeth.
When hurt, damage is shared between your health and your magic reserves.
Your bite disrupts and absorbs the magic of your enemies.
Potions cannot restore your health.


Message History

Confirm with . or Enter, or press ? or * to list all spells.
Aiming: Freeze (safe; 3% risk of failure)
Press: ? - help, Shift-Dir - straight line, f/p - adder
Aim: an adder (heavily wounded, slow)
You freeze the adder.
The adder is heavily wounded.
The adder barely misses you.
Unknown command.
Casting: Freeze (safe; 3% risk of failure)
Confirm with . or Enter, or press ? or * to list all spells.
Aiming: Freeze (safe; 3% risk of failure)
Press: ? - help, Shift-Dir - straight line, f/p - adder
Aim: an adder (heavily wounded, slow)
You freeze the adder.
The adder is severely wounded.
The adder seems to slow down.
The adder barely misses you.
Unknown command.
Things that are here:
a +0 dagger; 2 stones; a kobold corpse You barely miss the adder.
Your bite misses the adder.
The adder is severely wounded.
The adder bites you.
There is a stone staircase leading down here.
Casting: Freeze (safe; 3% risk of failure)
Confirm with . or Enter, or press ? or * to list all spells.
Aiming: Freeze (safe; 3% risk of failure)
Press: ? - help, Shift-Dir - straight line, f/p - adder
Aim: an adder (severely wounded)
You freeze the adder.
The adder is severely wounded.
The adder misses you.
Unknown command.
The adder bites you.
* * * LOW HITPOINT WARNING * * *
The adder closely misses you.
Things that are here:
a +0 dagger; 2 stones; a kobold corpse
There is a stone staircase leading down here.
The adder bites you.
You die...

#........##.######
#.#########.......
####.### ########
#......# #
#.##.#.#
########### #
##.#.# #....#.....
#..#)# #.##.......
#.#.##.#
#..#.##....
#...@S.#
#..##.#....
###.####
#.....##... #..
#.......... ###
#.(.†......
######<##.. #.....
##.... ......
#.#.##.


You could see an adder.

Vanquished Creatures
  A giant cockroach (D:2)
  A hobgoblin (D:2)
  2 kobolds
  A ball python (D:1)
  2 bats
  2 frilled lizards (D:1)
9 creatures vanquished.

Notes
Turn   | Place    | Note
-------+----------+-------------------------------------------
     0 | D:1      | Zeld the Vine Stalker Ice Elementalist began the quest for
                  | the Orb.
     0 | D:1      | Reached XP level 1. HP: 9/9 MP: 4/4
   640 | D:2      | Reached XP level 2. HP: 10/13 MP: 1/6
   801 | D:2      | Slain by an adder

Illustrated notes

Levels and vault maps discovered:
D:1:      ncdulo_watergridlock, layout_basic,
          dreamdust_ecumenical_altar_statues, chequers_serial_rivers_small_a
D:2:      layout_loops_cross, minmay_pentomino_z2

Action                   || total
-------------------------++-------
Melee: Unarmed           ||    11
       Bite              ||     3
 Cast: Freeze            ||    15
 Stab: Sleeping          ||     1
Armor: Robe              ||     7
Dodge: Dodged            ||    16
